 Dungeon Crawl Stone Soup version 0.27.0-1-g7a089689b8 (webtiles) character file.

Game seed: 16307589613253524311

31497 sanka the Nimble (level 13, -31/80 HPs)
             Began as a Deep Elf Brigand on Aug 7, 2021.
             Was a High Priest of Vehumet.
             Killed from afar by a wretched star (35 damage)
             ... with a lance of force
             ... in a Gauntlet.
             The game lasted 00:52:10 (23645 turns).

sanka the Nimble (Deep Elf Brigand)                Turns: 23645, Time: 00:52:11

Health: -31/80     AC: 15    Str:  7 (8)  XL:     13   Next: 26%
Magic:  11/20      EV: 21    Int: 27      God:    Vehumet [*****.]
Gold:   944        SH:  6    Dex: 11 (12) Spells: 21/32 levels left

rFire    . . .     SeeInvis +   b - staff of conjuration {!a}
rCold    + . .     Faith    +   w - +2 buckler {AC+3}
rNeg     . . .     Spirit   .   O - +2 robe {rC+ rF+}
rPois    .         Reflect  .   H - +0 helmet
rElec    +         Harm     .   c - +2 cloak
rCorr    .         Rampage  .   S - +0 pair of gloves
Will     +....     NoTele   +   x - +2 pair of boots
Stlth    +++.......             A - amulet of faith
HPRegen  0.23/turn              u - ring of the Pharaoh's Fist {rElec rF- Int+5 SInv}
MPRegen  0.17/turn              f - +4 ring of evasion

@: no status effects
A: [clumsy 2], [deterioration 2], [low mp 3], [screaming 2], [no potion heal 2]
a: Renounce Religion


You were in a Gauntlet.
You worshipped Vehumet.
Vehumet was extremely pleased with you.
You visited 3 branches of the dungeon, and saw 15 of its levels.
You also visited: Gauntlet.

You collected 944 gold pieces.


Innate Abilities, Weirdness & Mutations

[You are very clumsy. (Dex -4)]
[Your body often deteriorates upon taking damage.]
[Your magical capacity is extremely low. (-30% MP)]
[You frequently scream uncontrollably at your foes.]
[Potions cannot restore your health.]


   Skills:
 - Level 9.3 Fighting
 - Level 2.0 Short Blades
 - Level 2.0 Throwing
 - Level 14.9 Dodging
 - Level 4.8 Stealth
 - Level 4.0 Shields
 - Level 10.0 Spellcasting
 + Level 10.6 Conjurations
 + Level 7.3 Fire Magic
 - Level 2.0 Air Magic
 - Level 2.0 Earth Magic
 - Level 2.0 Poison Magic


You had 21 spell levels left.
You knew the following spells:

 Your Spells              Type           Power      Damage    Failure   Level
u - Foxfire               Conj/Fire      100%       2x1d9     1%          1
x - Fireball              Conj/Fire      37%        3d15      1%          5
y - Poisonous Vapours     Pois/Air       48%        N/A       1%          2
z - Stone Arrow           Conj/Erth      100%       3d13      1%          3

Your spell library contained the following spells:

 Spells                   Type           Power      Damage    Failure   Level
 Sting                    Tmut/Pois      72%        1d6       2%          1
 Irradiate                Conj/Tmut      29%        3d23      4%          5
 Olgreb's Toxic Radiance  Pois           24%        N/A       5%          4
 Blade Hands              Tmut           6%         N/A       75%         5
 Dragon Form              Tmut           6%         N/A       100%        7

Inventory:

Hand Weapons
 a - the +11 mace of Riacouc {vamp, *Slow Int+6 Stlth+}

   It occasionally heals its wielder for a portion of the damage dealt when it
   wounds a living foe.
   Int:       It affects your intelligence (+6).
   *Slow:     It may slow you when you take damage.
   Stlth:     It makes you more stealthy.
 M - a +7 quick blade
Missiles
 e - 8 curare-tipped darts {=f}
 I - 4 throwing nets {=f}
Armour
 c - a +2 cloak (worn)
 w - a +2 buckler of protection (worn)
 x - a +2 pair of boots (worn)
 H - a +0 helmet (worn)
 O - a +2 robe of resistance (worn)
 S - a +0 pair of gloves (worn)
Magical Staves
 b - a staff of conjuration (weapon) {!a}
Jewellery
 f - a +4 ring of evasion (right hand)
 r - a ring of willpower
 u - the ring of the Pharaoh's Fist (left hand) {rElec rF- Int+5 SInv}

   [ring of see invisible]

   Int:       It affects your intelligence (+5).
   rF:        It makes you vulnerable to fire.
   rElec:     It insulates you from electricity.
   SInv:      It lets you see invisible.
 v - a +4 ring of slaying
 y - a +4 ring of slaying
 A - an amulet of faith (around neck)
 B - a ring of fire
 E - a ring of poison resistance
 U - an amulet of regeneration
Wands
 d - a wand of charming (12)
 F - a wand of flame (11)
 N - a wand of polymorph (22)
 W - a wand of iceblast (10)
Scrolls
 g - 4 scrolls of teleportation {@r4}
 o - 2 scrolls of fear
 q - 4 scrolls of silence {!r}
 s - 3 scrolls of amnesia
 t - a scroll of vulnerability {!r}
 D - a scroll of immolation {!r}
 K - a scroll of blinking
 Q - a scroll of enchant armour
 R - a scroll of magic mapping
 V - 2 scrolls of summoning
 X - a scroll of holy word
Potions
 h - a potion of mutation {!q}
 j - 3 potions of attraction {!q}
 l - 6 potions of curing {@q1}

Dungeon Overview and Level Annotations

Branches:
Dungeon (11/15)            Temple (1/1) D:6            Lair (3/6) D:11
 Shoals (0/4) Lair:2          Orc (0/2) D:11        Gauntlet (1/1)
  Snake: Lair:2-4    Spider: Lair:2-4

Altars:
Ashenzari
Cheibriados
Dithmenos
Fedhas
Hepliaklqana
Kikubaaqudgha
Makhleb
Nemelex Xobeh
Qazlal
Ru
Sif Muna
Trog
Uskayaw
Vehumet
Wu Jian
Xom
Yredelemnul
Zin
The Shining One

Shops:
D:3 *   D:5 (

Annotations:
D:10 3 runed translucent doors, Rastanax's ghost, journeyman MiFi Gauntlet 7 transporters, exclusion: oklob plant

......▒.⌠.....▒.....⌠.▒...▒
▒▒▒▒▒▒▒...▒▒▒▒▒▒▒▒▒...▒.©.▒
.....P▒.⌠.▒▒.▒.▒.▒▒.∩.▒...▒
▒▒.^.£▒...▒.▒.▒.▒.▒...▒.⌠.▒
▒.▒▒^.▒.⌠.▒▒.▒.▒!▒▒..▒▒.....
▒.©▒.D▒©.#▒.▒.▒^▒©▒.▒▒ ⌠.▒▒
▒▒..▒[▒▒▒▒▒▒.▒3▒=▒▒.≈▒▒ ...
.▒▒▒▒.▒...▒.▒.▒*▒:▒.≈≈▒ ▒
......▒.⌠.▒▒.▒.▒e▒▒.≈▒▒
▒▒▒▒▒▒▒...▒▒▒▒▒▒▒▒▒.▒▒
....................≈▒
≈≈▒≈≈≈▒≈≈≈▒≈≈≈▒≈≈≈▒≈≈≈▒
≈▒▒▒≈▒▒▒≈▒▒▒≈▒▒▒≈▒▒▒≈▒▒ ▒▒
▒▒▒ ▒▒▒ ▒▒▒ ▒▒▒ ▒▒


You could see a wretched star and a neqoxec.


Message History

Your body deteriorates!
You feel clumsy.
You are knocked back by the lance of force.
You slam into the translucent stone wall!
* * * LOW HITPOINT WARNING * * *
You feel the dreadful sensation subside.
b - a staff of conjuration (weapon)
{!a} The stone arrow hits the wretched star!!
The wretched star is heavily damaged.
The wretched star pulses with an eldritch light!
You feel less energetic.
The stone arrow misses the wretched star.
The stone arrow hits the neqoxec!!
The neqoxec is almost dead.
The wretched star glows turbulently.
The lance of force hits you!!
* * * LOW HITPOINT WARNING * * *
Your body deteriorates!
You feel weakened.
You are knocked back by the lance of force.
You slam into the translucent stone wall!
You have no ailments to cure.
You have no ailments to cure.
The stone arrow hits the wretched star!
The wretched star is severely damaged.
The stone arrow hits the wretched star!
The wretched star is almost destroyed.
The wretched star glows turbulently.
The lance of force hits you!!
You die...

Action                   |  1- 3 |  4- 6 |  7- 9 | 10-12 | 13-15 || total
-------------------------+-------+-------+-------+-------+-------++-------
Melee: Dagger            |    87 |    79 |       |       |       ||   166
       Rapier            |       |    34 |   113 |       |       ||   147
       Mace              |       |       |    83 |   184 |    18 ||   285
       Staff             |       |       |     1 |       |       ||     1
       Quick blade       |       |       |       |       |    17 ||    17
Throw: Dart              |    23 |    36 |     1 |     3 |       ||    63
 Cast: Poisonous Vapours |       |    29 |   114 |     9 |       ||   152
       Foxfire           |       |       |   173 |       |       ||   173
       Stone Arrow       |       |       |     7 |   370 |    68 ||   445
  Use: Scroll            |       |       |     7 |     7 |     3 ||    17
       Potion            |       |       |     3 |       |       ||     3
 Stab: Sleeping          |    10 |     4 |     6 |     1 |       ||    21
       Distracted        |       |       |     1 |     1 |       ||     2
Armor: Robe              |    17 |    20 |    41 |    90 |    11 ||   179
Dodge: Dodged            |    81 |    94 |   338 |   358 |    55 ||   926
Block: Buckler           |       |       |       |   151 |    20 ||   171

Levels and vault maps discovered:
D:1:      onia_arrival_mini_maze, layout_basic
D:2:      layout_rooms, serial_curves, eino_curves_01, eino_curves_04,
          basic_ecumenical_altar, basic_altar
D:3:      layout_basic, nemelex_xobeh_ov_fountains_minmay,
          dancing_weapons_uskayaw, serial_shops, nicolae_square_shop
D:4:      layout_basic, uniq_eustachio
D:5:      lemuel_castle_with_subvaults [lemuel_castle_interior_original],
          layout_basic, serial_shops, shop_fountains, uniq_crazy_yiuf_cottage
D:6:      layout_basic, minmay_temple_entry_butterflies,
          amcnicky_mini_corridor_feature, hangedman_decor_diamond_cutter
D:7:      layout_gridville
D:8:      layout_gridville, nicolae_overflow_hidden_temple,
          trog_three_pillars_becter, grunt_qazlal_sundering, serial_undead,
          serial_undead_d, serial_undead_a, serial_undead_f, serial_undead_a,
          minmay_quadrilaterals
D:9:      layout_roguey, uniq_psyche
D:10:     cheibrodos_grave_circle, layout_basic, kennysheep_little_box,
          special_room [special_room_kobold], gammafunk_ghost_hydra_chop
D:11:     layout_basic, lair_entry_dummy,
          kennysheep_orc_monster_closet_entryway, st_stairs_10
Temple:   nicolae_temple_x_marks_the_god
Lair:1:   layout_cave_pods
Lair:2:   layout_layer_cave, minmay_shoals_entry_beasts, special_room,
          st_stairs_8, minmay_lair_oklob_chamber, uniq_gastronok
Lair:3:   layout_cave_pods, gauntlet_entry_generic, grunt_megastairs_1,
          serial_bayou_shore_b, uniq_snorg
Gauntlet: minmay_gauntlet_77_indecision [minmay_gauntlet_arena_77_braids,
          minmay_gauntlet_arena_77_two_lines,
          minmay_gauntlet_arena_77_hold_the_fort, minmay_gauntlet_arena_77_box,
          minmay_gauntlet_arena_77_checkered,
          minmay_gauntlet_arena_77_broken_ladder,
          nicolae_gauntlet_exit_dead_adventurers]

Notes
Turn   | Place    | Note
-------+----------+-------------------------------------------
     0 | D:1      | sanka the Deep Elf Brigand began the quest for the Orb.
     0 | D:1      | Reached XP level 1. HP: 12/12 MP: 3/3
   396 | D:1      | Reached skill level 2 in Dodging
   396 | D:1      | Reached XP level 2. HP: 13/17 MP: 4/4
   398 | D:1      | Reached skill level 2 in Fighting
  1226 | D:1      | Reached XP level 3. HP: 21/21 MP: 5/5
  1887 | D:2      | Reached skill level 3 in Dodging
  2093 | D:2      | Found a faded altar of an unknown god.
  2290 | D:2      | Reached XP level 4. HP: 13/27 MP: 6/6
  2885 | D:2      | Found a hide-covered altar of Uskayaw.
  2922 | D:2      | Learned a level 2 spell: Poisonous Vapours
  3653 | D:3      | Reached skill level 3 in Fighting
  3691 | D:3      | Found Vethec's Assorted Antiques.
  3700 | D:3      | Found a sparkling altar of Nemelex Xobeh.
  3881 | D:3      | Noticed a +0 dagger
  3882 | D:3      | Noticed a +0 hand axe
  3886 | D:3      | Found a hide-covered altar of Uskayaw.
  3941 | D:3      | Reached skill level 1 in Spellcasting
  4022 | D:3      | Reached skill level 4 in Dodging
  4022 | D:3      | Reached XP level 5. HP: 28/32 MP: 8/8
  4150 | D:4      | Noticed Eustachio
  4188 | D:4      | Killed Eustachio
  4189 | D:4      | Reached skill level 3 in Spellcasting
  4189 | D:4      | Reached skill level 2 in Air Magic
  4189 | D:4      | Reached skill level 2 in Poison Magic
  4189 | D:4      | Reached XP level 6. HP: 37/37 MP: 2/12
  5190 | D:4      | Reached skill level 4 in Spellcasting
  5342 | D:5      | Entered Level 5 of the Dungeon
  5405 | D:5      | Found Hamibeh's Antique Weapon Shop.
  5480 | D:5      | Reached skill level 5 in Dodging
  5820 | D:6      | Reached XP level 7. HP: 41/41 MP: 6/15
  5952 | D:6      | Reached skill level 6 in Dodging
  6066 | D:6      | Found a staircase to the Ecumenical Temple.
  6076 | Temple   | Entered the Ecumenical Temple
  6080 | Temple   | Became a worshipper of Vehumet
  6108 | D:6      | Reached skill level 7 in Dodging
  6388 | D:6      | Reached skill level 8 in Dodging
  6988 | D:5      | Reached XP level 8. HP: 46/46 MP: 16/16
  7053 | D:5      | Reached skill level 9 in Dodging
  7362 | D:5      | Found a runed translucent door.
  7363 | D:5      | Noticed Crazy Yiuf
  7448 | D:5      | Killed Crazy Yiuf
  7660 | D:5      | Identified the +11 mace of Riacouc {vamp, *Slow Int+6
                  | Stlth+}
  7795 | D:5      | Reached skill level 10 in Dodging
  7834 | D:5      | Reached * piety under Vehumet
  7834 | D:5      | Offered knowledge of Foxfire by Vehumet.
  7872 | D:5      | Learned a level 1 spell: Foxfire
  7979 | D:5      | Reached skill level 1 in Conjurations
  7979 | D:5      | Reached skill level 1 in Fire Magic
  8494 | D:5      | Offered knowledge of Shock by Vehumet.
  8533 | D:5      | Reached ** piety under Vehumet
  8843 | D:5      | Reached skill level 2 in Conjurations
  8843 | D:5      | Reached skill level 2 in Fire Magic
  9221 | D:5      | Reached skill level 5 in Spellcasting
  9452 | D:5      | Offered knowledge of Static Discharge by Vehumet.
  9678 | D:5      | Noticed a two-headed ogre
  9719 | D:5      | Killed a two-headed ogre
  9720 | D:5      | Reached skill level 11 in Dodging
  9720 | D:5      | Reached skill level 7 in Spellcasting
  9720 | D:5      | Reached XP level 9. HP: 26/50 MP: 14/21
 10491 | D:7      | Reached *** piety under Vehumet
 11005 | D:7      | Reached skill level 12 in Dodging
 11005 | D:7      | Reached skill level 8 in Spellcasting
 11164 | D:7      | Noticed a gargoyle
 11195 | D:7      | HP: 5/50 [poisoned by a kobold brigand (curare-tipped
                  | dart)]
 11459 | D:8      | Reached skill level 9 in Spellcasting
 11475 | D:8      | Found a shimmering altar of Xom.
 11527 | D:8      | Offered knowledge of Stone Arrow by Vehumet.
 11594 | D:8      | Found a stormy altar of Qazlal.
 11689 | D:8      | Learned a level 3 spell: Stone Arrow
 11980 | D:8      | Reached skill level 1 in Earth Magic
 12113 | D:8      | Reached skill level 10 in Spellcasting
 12225 | D:8      | Found a bloodstained altar of Trog.
 12262 | D:8      | Reached skill level 3 in Conjurations
 12262 | D:8      | Reached skill level 2 in Earth Magic
 12271 | D:8      | Reached skill level 4 in Conjurations
 12271 | D:8      | Reached XP level 10. HP: 56/56 MP: 8/26
 12707 | D:8      | Reached skill level 4 in Fighting
 12925 | D:8      | Identified a scroll of acquirement
 12926 | D:8      | Acquired a +2 buckler of protection
 12983 | D:8      | Reached **** piety under Vehumet
 13189 | D:7      | Reached skill level 1 in Shields
 13300 | D:7      | Offered knowledge of Lee's Rapid Deconstruction by Vehumet.
 13622 | D:7      | Killed a gargoyle
 13623 | D:7      | Reached skill level 2 in Shields
 13725 | D:7      | Identified the ring of the Pharaoh's Fist {rElec rF- Int+5
                  | SInv}
 14010 | D:7      | Reached skill level 5 in Fighting
 14483 | D:9      | Reached skill level 3 in Shields
 14663 | D:9      | Reached skill level 6 in Fighting
 14663 | D:9      | Reached skill level 4 in Shields
 14669 | D:9      | Reached skill level 5 in Conjurations
 15045 | D:9      | Reached skill level 6 in Conjurations
 15053 | D:9      | Reached XP level 11. HP: 62/64 MP: 18/27
 15284 | D:9      | Identified a +2 robe of resistance
 15284 | D:9      | Noticed Psyche
 15287 | D:9      | Killed Psyche
 15288 | D:9      | Reached skill level 7 in Conjurations
 15427 | D:10     | Entered Level 10 of the Dungeon
 15429 | D:10     | Found a runed translucent gate.
 15429 | D:10     | Found a runed translucent gate.
 15429 | D:10     | Found a runed translucent gate.
 15430 | D:10     | Noticed a nine-headed hydra
 15432 | D:10     | Noticed a ten-headed hydra
 15433 | D:10     | Noticed Rastanax's ghost (journeyman MiFi)
 15489 | D:10     | Reached skill level 8 in Conjurations
 15735 | D:9      | Reached ***** piety under Vehumet
 15884 | D:10     | Offered knowledge of Lightning Bolt by Vehumet.
 16677 | D:10     | Found a shadowy altar of Dithmenos.
 16745 | D:10     | Reached skill level 7 in Fighting
 17132 | D:10     | Reached skill level 13 in Dodging
 17944 | D:11     | Found a staircase to the Lair.
 17975 | D:11     | Reached skill level 8 in Fighting
 18110 | D:11     | Found a staircase to the Orcish Mines.
 18131 | D:11     | Reached XP level 12. HP: 73/73 MP: 10/28
 18161 | D:11     | Offered knowledge of Airstrike by Vehumet.
 18443 | D:11     | Noticed a two-headed ogre
 18450 | D:11     | Killed a two-headed ogre
 18451 | D:11     | Reached skill level 14 in Dodging
 18791 | D:11     | Identified the +4 ring mail "Arawkiod" {rC+ rN+ rCorr
                  | Int-5}
 18824 | D:11     | Noticed a boulder beetle
 18833 | D:11     | Killed a boulder beetle
 19057 | Lair:1   | Entered Level 1 of the Lair of Beasts
 19112 | Lair:1   | Noticed a four-headed hydra
 19119 | Lair:1   | Killed a four-headed hydra
 19283 | Lair:1   | Reached skill level 9 in Fighting
 19754 | Lair:1   | Offered knowledge of Fireball by Vehumet.
 19761 | Lair:1   | Learned a level 5 spell: Fireball
 20141 | Lair:1   | Reached skill level 3 in Fire Magic
 20473 | Lair:2   | Noticed Gastronok
 20482 | Lair:2   | Killed Gastronok
 20483 | Lair:2   | Reached skill level 9 in Conjurations
 20483 | Lair:2   | Reached skill level 4 in Fire Magic
 20703 | Lair:2   | Found a staircase to the Shoals.
 20713 | Lair:2   | Reached skill level 5 in Fire Magic
 21182 | Lair:2   | Noticed a four-headed hydra
 21188 | Lair:2   | Killed a four-headed hydra
 21401 | Lair:2   | Reached XP level 13. HP: 39/80 MP: 21/29
 21581 | Lair:2   | Reached skill level 6 in Fire Magic
 21739 | Lair:2   | Reached skill level 10 in Conjurations
 22977 | Lair:3   | Reached skill level 7 in Fire Magic
 23091 | Lair:3   | Found a gate leading to a gauntlet.
 23113 | Gauntlet | Entered a Gauntlet
 23113 | Gauntlet | Found a transporter.
 23113 | Gauntlet | Found a transporter.
 23121 | Gauntlet | Found a transporter.
 23125 | Gauntlet | Found a transporter.
 23133 | Gauntlet | Found a transporter.
 23137 | Gauntlet | Found a transporter.
 23146 | Gauntlet | Found a transporter.
 23158 | Gauntlet | Noticed an entropy weaver
 23161 | Gauntlet | Found a transporter.
 23175 | Gauntlet | Found a transporter.
 23179 | Gauntlet | Found a transporter.
 23187 | Gauntlet | Found a transporter.
 23191 | Gauntlet | Found a transporter.
 23643 | Gauntlet | HP: 4/80 [wretched star/lance of force (22)]
 23645 | Gauntlet | Killed from afar by a wretched star

Vanquished Creatures
  Gastronok (Lair:2)
  2 hydras
  A catoblepas (Lair:3)
  A boulder beetle (D:11)
  2 two-headed ogres
  3 oklob plants (Lair:2)
  A manticore (Lair:2)
  2 cyclopes (D:11)
  A gargoyle (D:7)
  5 cane toads
  Psyche (D:9)
  An unseen horror (D:10)
  3 komodo dragons (Lair:2)
  2 hellwings
  A rime drake (Lair:2)
  4 kobold demonologists
  An ice devil (Gauntlet)
  4 trolls
  A polar bear (Lair:1)
  A queen bee (Gauntlet)
  A wind drake (Lair:2)
  A vampire (D:11)
  2 wyverns
  A basilisk (Lair:2)
  32 yaks
  Eustachio (D:4)
  A steam dragon (D:7)
  A vampire mosquito (D:11)
  8 water moccasins
  An acid dragon (D:11)
  2 hornet zombies (D:10)
  A black bear (shapeshifter) (D:10)
  A small abomination (Gauntlet)
  6 orc warriors
  3 sky beasts
  A black bear (D:6)
  4 necrophages
  4 ogres (D:11)
  5 wolves (Lair:1)
  5 centaurs
  2 phantoms
  24 kobold brigands
  15 bullfrogs
  4 gnoll sergeants (D:11)
  2 wyvern zombies (D:8)
  2 scorpions
  A water moccasin skeleton (D:6)
  9 killer bees
  2 wights (D:8)
  6 howler monkeys
  2 bullfrog zombies
  10 orc priests
  8 centaur zombies
  A jelly (D:6)
  Crazy Yiuf (D:5)
  6 centaur skeletons
  3 gnoll shamans
  3 hounds (D:5)
  2 iguanas
  8 orc wizards
  A killer bee zombie (D:8)
  A mummy (D:8)
  4 howler monkey zombies
  33 gnolls
  5 adders
  5 shadow imps
  5 white imps
  An ufetubus (D:5)
  An adder zombie (D:5)
  3 worms
  A dart slug (D:3)
  48 orcs
  2 endoplasms (D:1)
  5 giant cockroaches
  4 hobgoblins
  13 jackals
  17 kobolds
  A quokka (D:1)
  2 ball pythons
  A bat (D:1)
  A frilled lizard (D:1)
  2 goblins (D:1)
  6 rats
  A butterfly (D:5)
393 creatures vanquished.

Vanquished Creatures (others)
  A kobold (D:7)
  315 foxfires
  A fungus (Lair:1)
  14 plants
  11 withered plants (D:10)
342 creatures vanquished.

Grand Total: 735 creatures vanquished
